 Dungeon Crawl Stone Soup version 0.25-a0-578-gc91f01c39c (webtiles) character file.

Game seed: 8740197182726184942, levelgen mode: deterministic

15048 Flugslaktarn the Cleaver (level 11, -5/106 HPs)
             Began as a Deep Dwarf Fighter on Mar 4, 2020.
             Was a Believer of Makhleb.
             Slain by a large slime creature (34 damage)
             ... on level 12 of the Dungeon on Mar 5, 2020.
             The game lasted 00:06:00 (7615 turns).

Flugslaktarn the Cleaver (Deep Dwarf Fighter)       Turns: 7615, Time: 00:06:00

Health: -5/106     AC: 18    Str: 24    XL:     11   Next: 96%
Magic:  8/8        EV:  8    Int:  8    God:    Makhleb [**....]
Gold:   716        SH:  0    Dex: 12    Spells: 10/10 levels left

rFire    . . .     SeeInvis .   n - +4 battleaxe (freeze)
rCold    . . .     Gourm    .   (shield currently unavailable)
rNeg     . . .     Faith    .   p - +4 chain mail
rPois    .         Spirit   .   m - +0 hat {MR+}
rElec    .         Reflect  .   f - +0 cloak
rCorr    .         Harm     .   (no gloves)
MR       ++...                  P - +0 pair of boots
Stlth    ..........             L - amulet of the acrobat
HPRegen  0.00/turn              j - +4 ring of slaying
MPRegen  0.11/turn              (no ring)

@: non-regenerating
A: damage resistance, heal wounds, sense surroundings 2, no regeneration
a: Heal Wounds, Minor Destruction, Renounce Religion


You were on level 12 of the Dungeon.
You worshipped Makhleb.
Makhleb was pleased with you.
You were not hungry.

You visited 2 branches of the dungeon, and saw 13 of its levels.

You collected 716 gold pieces.

Inventory:

Hand Weapons
 a - a +1 war axe
 k - a +2 vorpal hand axe
   (You found it on level 4 of the Dungeon)
 n - a +4 battleaxe of freezing (weapon)
   (You took it off a wight on level 7 of the Dungeon)
Missiles
 w - 4 throwing nets (quivered)
Armour
 f - a +0 cloak (worn)
   (You found it on level 3 of the Dungeon)
 m - a +0 hat of magic resistance (worn)
   (You took it off Gastronok on level 8 of the Dungeon)
 p - a +4 chain mail (worn)
   (You found it on level 4 of the Dungeon)
 A - a +0 kite shield
 G - a +0 plate armour
   (You found it on level 3 of the Dungeon)
 K - +0 swamp dragon scales
   (You found it on level 10 of the Dungeon)
 P - a +0 pair of boots (worn)
   (You found it on level 9 of the Dungeon)
Jewellery
 b - a +2 ring of protection
   (You found it on level 7 of the Dungeon)
 c - an uncursed ring of protection from cold
   (You found it on level 8 of the Dungeon)
 j - a +4 ring of slaying (left hand)
   (You found it on level 5 of the Dungeon)
 B - an uncursed ring of positive energy
   (You found it on level 7 of the Dungeon)
 L - an amulet of the acrobat (around neck)
   (You found it on level 2 of the Dungeon)
 R - an uncursed ring of flight {unknown}
   (You found it on level 12 of the Dungeon)
Wands
 v - a wand of digging (5)
   (You took it off Joseph on level 7 of the Dungeon)
 D - a wand of iceblast (9)
   (You found it on level 7 of the Dungeon)
 N - a wand of clouds (2)
   (You found it on level 9 of the Dungeon)
Scrolls
 l - a scroll of magic mapping
 r - 5 scrolls of identify
 t - 5 scrolls of teleportation
 x - a scroll of remove curse
 y - 2 scrolls of enchant weapon
 z - 3 scrolls of blinking
 H - 2 scrolls of fear
 I - a scroll of enchant armour {unknown}
 J - a scroll of amnesia {unknown}
 Q - a scroll of immolation {unknown}
Potions
 d - a potion of might
 g - 2 potions of invisibility
 h - 4 potions of lignification {unknown}
 i - 3 potions of stabbing
 o - 4 potions of brilliance
 q - 7 potions of curing
 s - a potion of ambrosia
 u - 4 potions of heal wounds
 C - a potion of cancellation {unknown}
 E - 2 potions of haste {unknown}
 F - 3 potions of mutation {unknown}
 O - 2 potions of degeneration {unknown}
Comestibles
 e - 26 rations
 M - a chunk of flesh


   Skills:
 + Level 9.0 Fighting
 * Level 13.8 Axes
 + Level 10.6 Armour
 - Level 6.3 Shields
 + Level 5.8 Invocations


You had 10 spell levels left.
You didn't know any spells.
Your spell library was empty.

Dungeon Overview and Level Annotations

Branches:
Dungeon (12/15)            Temple (1/1) D:6            Lair (0/6) D:10
    Orc (0/2) D:12

Altars:
Ashenzari
Cheibriados
Dithmenos
Elyvilon
Fedhas
Gozag
Hepliaklqana
Kikubaaqudgha
Makhleb
Nemelex Xobeh
Okawaru
Qazlal
Ru
Sif Muna
Uskayaw
Vehumet
Wu Jian
Xom
Yredelemnul
Zin
The Shining One

Shops:
D:8 =   D:9 ?   D:12 (

Annotations:
D:3 2 runed translucent doors, Tenz's ghost, amateur GrEE
D:4 3 runed translucent doors, Evashark's ghost, amateur DrTm
D:5 2 transporters, srslyguys's ghost, amateur DEEE


Innate Abilities, Weirdness & Mutations

You are resistant to damage.
You can heal yourself by infusing magical energy.
You passively map the area around you.
You do not regenerate.


Message History

The large slime creature is heavily wounded.
You hit the slime creature. You freeze the slime creature.
The large slime creature hits you! The slime creature hits you.
You slash the large slime creature! You freeze the large slime creature.
The large slime creature is heavily wounded.
You slice the slime creature!! You freeze the slime creature!
The large slime creature hits you!!
* * * LOW HITPOINT WARNING * * *
The slime creature hits you!
* * * LOW HITPOINT WARNING * * *
You are too injured to fight recklessly!
You are too injured to fight recklessly!
You are too injured to fight recklessly!
You fail to use your ability.
The large slime creature hits you but does no damage.
The slime creature hits you!
* * * LOW HITPOINT WARNING * * *
You are too injured to fight recklessly!
You feel much better. The large slime creature hits you!!
You die...

..#.....#...'..#, , ,, ,
###.....#...#..#, , ,
........#####..# , ,, , .
...............##########.... *
##.######......JJ.............#
.#.#....##'##'###########.....#
.###....................#.....#
...............J........#....(#
+##++#'#.......J@.......#.....#
.......#................#.....#
....)).#................#.....#
...)...#................#.....###
.......#.....>..........#........
.......#.#####.....######........
.......#.# #.....#.............
########.# #.....#.............
.........# #.....#.............


You could see a large slime creature and a slime creature.

Vanquished Creatures
  Gastronok (D:8)
  A hydra (D:10)
  Harold (D:7)
  An unseen horror (D:10)
  A deep elf mage (D:12)
  Pikel (D:7)
  An ugly thing (D:12)
  A manticore (D:12)
  Joseph (D:7)
  Psyche (D:8)
  2 trolls (D:11)
  A queen bee (D:8)
  Prince Ribbit (D:7)
  2 slime creatures (D:12)
  6 hippogriffs
  2 wyverns
  6 yaks
  A steam dragon (D:12)
  An acid dragon (D:11)
  Duvessa (D:6)
  4 slaves (D:7)
  2 black bears
  A sky beast (D:8)
  2 ice beasts
  4 orc warriors
  A phantom (D:9)
  4 ogres
  4 centaurs
  A bullfrog (D:7)
  2 scorpions
  Dowan (D:6)
  9 wights
  14 killer bees (D:8)
  6 howler monkeys
  8 crimson imps
  A bullfrog zombie (D:7)
  5 centaur zombies
  3 centaur skeletons
  3 bullfrog skeletons
  5 orc priests
  5 hounds
  4 orc wizards
  Ijyb (D:2)
  2 iguanas
  3 worker ants
  A hound skeleton (D:11)
  3 gnolls (D:6)
  10 adders
  A shadow imp (D:11)
  2 adder skeletons
  A dart slug (D:3)
  3 leopard geckos
  31 orcs
  A ball python (D:4)
  6 giant cockroaches
  12 goblins
  4 hobgoblins
  4 quokkas
  8 bats
  3 frilled lizards
  7 kobolds
  A leopard gecko zombie (D:6)
  4 rats
230 creatures vanquished.

Notes
Turn   | Place    | Note
-------+----------+-------------------------------------------
     0 | D:1      | Flugslaktarn the Deep Dwarf Fighter began the quest for the
                  | Orb.
     0 | D:1      | Reached XP level 1. HP: 20/20 MP: 1/1
   305 | D:1      | Reached XP level 2. HP: 27/27 MP: 1/1
   354 | D:2      | Found a stormy altar of Qazlal.
   461 | D:3      | Reached skill level 3 in Axes
   461 | D:3      | Reached XP level 3. HP: 28/33 MP: 2/2
   545 | D:3      | Found a runed translucent door.
   550 | D:3      | Noticed Tenz's ghost (amateur GrEE)
   647 | D:3      | Reached XP level 4. HP: 17/42 MP: 3/3
   774 | D:4      | Found a runed translucent gate.
   774 | D:4      | Found a runed translucent gate.
   781 | D:4      | Found a runed translucent gate.
  1569 | D:4      | Noticed Evashark's ghost (amateur DrTm)
  1613 | D:5      | Entered Level 5 of the Dungeon
  1640 | D:5      | Reached skill level 4 in Axes
  1640 | D:5      | Reached XP level 5. HP: 45/49 MP: 3/3
  1730 | D:5      | Found a transporter.
  1739 | D:5      | Noticed srslyguys's ghost (amateur DEEE)
  1749 | D:5      | Found a white marble altar of Elyvilon.
  1823 | D:5      | Reached XP level 6. HP: 46/56 MP: 4/4
  1978 | D:5      | Reached skill level 5 in Axes
  2091 | D:5      | Found a transporter.
  2139 | D:6      | Noticed Duvessa
  2140 | D:6      | Noticed Dowan
  2143 | D:6      | Reached XP level 7. HP: 34/64 MP: 5/5
  2143 | D:6      | Reached skill level 5 in Shields
  2155 | D:6      | Reached skill level 5 in Armour
  2165 | D:6      | Killed Dowan
  2165 | D:6      | Reached skill level 6 in Axes
  2176 | D:6      | Killed Duvessa
  2251 | D:6      | Found a staircase to the Ecumenical Temple.
  2260 | Temple   | Entered the Ecumenical Temple
  2468 | D:6      | Reached XP level 8. HP: 38/73 MP: 6/6
  2574 | D:6      | Reached skill level 7 in Axes
  2619 | D:6      | Reached skill level 5 in Fighting
  2788 | D:7      | Noticed Joseph
  2790 | D:7      | Reached skill level 8 in Axes
  2791 | D:7      | Noticed Harold
  2810 | D:7      | Killed Harold
  2810 | D:7      | Reached skill level 9 in Axes
  2810 | D:7      | Gained mutation: You passively map the area around you.
                  | [Deep Dwarf growth]
  2810 | D:7      | Reached XP level 9. HP: 43/82 MP: 7/7
  2817 | D:7      | Killed Joseph
  3003 | D:7      | Noticed Pikel
  3015 | D:7      | Noticed Prince Ribbit
  3024 | D:7      | Killed Prince Ribbit
  3043 | D:7      | Killed Pikel
  3043 | D:7      | Reached skill level 10 in Axes
  3477 | D:8      | Noticed a queen bee
  3539 | D:8      | Reached XP level 10. HP: 69/92 MP: 6/6
  3598 | D:8      | Noticed Gastronok
  3612 | D:8      | Killed Gastronok
  3612 | D:8      | Reached skill level 11 in Axes
  3972 | D:8      | Noticed Psyche
  3978 | D:8      | Killed Psyche
  3992 | D:8      | Reached skill level 12 in Axes
  4291 | D:8      | Found Xemaluox's Jewellery Boutique.
  4588 | D:3      | Found a runed translucent door.
  4820 | D:2      | Noticed Ijyb
  4826 | D:2      | Killed Ijyb
  4916 | D:2      | Found a burning altar of Makhleb.
  4927 | D:2      | Became a worshipper of Makhleb the Destroyer
  5281 | D:9      | Found a sparkling altar of Nemelex Xobeh.
  5366 | D:9      | Reached skill level 1 in Invocations
  5449 | D:9      | Found a snail-covered altar of Cheibriados.
  5637 | D:9      | Found Koash's Magic Scroll Shop.
  5675 | D:9      | Found a glowing golden altar of the Shining One.
  5751 | D:10     | Entered Level 10 of the Dungeon
  5766 | D:10     | Reached XP level 11. HP: 56/103 MP: 6/8
  5922 | D:10     | Killed an unseen horror
  5981 | D:10     | Reached * piety under Makhleb
  6032 | D:10     | Found a staircase to the Lair.
  6302 | D:11     | Found an opulent altar of Gozag.
  6319 | D:11     | Noticed an eight-headed hydra
  6363 | D:10     | Killed a nine-headed hydra
  6363 | D:10     | Reached skill level 13 in Axes
  6363 | D:10     | Reached skill level 10 in Armour
  6958 | D:12     | Found Jaan's Weapon Shop.
  6984 | D:12     | Reached ** piety under Makhleb
  7009 | D:12     | Reached skill level 5 in Invocations
  7107 | D:12     | Noticed a green ugly thing
  7113 | D:12     | Killed a green ugly thing
  7230 | D:12     | Found a staircase to the Orcish Mines.
  7331 | D:12     | Noticed a deep elf mage
  7350 | D:12     | Killed a deep elf mage
  7613 | D:12     | HP: 1/106 [slime creature (13)]
  7615 | D:12     | Slain by a large slime creature

Levels and vault maps discovered:
D:1:      dpeg_arrival_castle, layout_basic, hangedman_decor_clover_reticule,
          minivault_4
D:2:      kennysheep_the_goblin_king, layout_basic, tgw_trog,
          grunt_qazlal_clouds, makhleb_heckhound_becter, minmay_bisected,
          uniq_crazy_yiuf_cottage
D:3:      layout_rooms, ebering_ghost_sewer_f, wad_floor_pattern_untrapped,
          minmay_fractal_squares_diagonal_5
D:4:      layout_basic, gammafunk_ghost_necromancy
D:5:      layout_loops_ring, lemuel_round_altar, gammafunk_ghost_stat_death,
          first_ration
D:6:      layout_basic, minmay_temple_entry_fiery, eino_curves_01, uniq_duvessa
D:7:      layout_gridville, lemuel_statue_altar, uniq_joseph, uniq_pikel,
          uniq_harold, uniq_prince_ribbit1
D:8:      layout_basic, serial_shops, kennysheep_little_box, david_nohive_1,
          uniq_psyche, uniq_gastronok
D:9:      layout_roguey, old_standard_altar, cheibriados_altar_1,
          kennysheep_mini, serial_shops, shop_statue, kennysheep_donut
D:10:     layout_loops_ring, lair_entry_dummy
D:11:     layout_cross, basic_altar
D:12:     layout_irregular_city, orc_0_dummy, serial_shops, nicolae_shop_crystal
Temple:   regret_index_temple_waves

Skill      XL: |  1  2  3  4  5  6  7  8  9 10 11 |
---------------+----------------------------------+-----
Axes           | 3 4 5 6 9 10 12 13 | 13.8
Fighting       | 3 4 5 6 8 9 |  9.0
Armour         | 4 5 7 8 9 10 | 10.6
Shields        | 4 5 6 |  6.3
Invocations    | 1 5 |  5.8

Action                   |  1- 3 |  4- 6 |  7- 9 | 10-12 || total
-------------------------+-------+-------+-------+-------++-------
Melee: War axe           |   113 |    18 |       |       ||   131
       Hand axe          |       |    57 |    80 |       ||   137
       Battleaxe         |       |       |    86 |   273 ||   359
 Abil: Heal Wounds       |     2 |     3 |    16 |    18 ||    39
Evoke: Wand              |       |       |       |     8 ||     8
  Use: Scroll            |     3 |       |     7 |     3 ||    13
       Potion            |       |       |     3 |     1 ||     4
  Eat: Chunk             |       |     4 |     5 |    13 ||    22
Armor: Scale mail        |    56 |    12 |       |       ||    68
       Chain mail        |       |    44 |   144 |   197 ||   385
       Plate armour      |       |       |       |    35 ||    35
Dodge: Dodged            |    36 |    18 |    88 |   119 ||   261
Block: Kite shield       |    70 |    44 |    76 |       ||   190

Table legend:
 A = Non-vault XP
 B = Vault XP
 C = Vault XP percentage of total XP
 D = Non-vault monster count
 E = Vault monster count
 F = Vault count percentage of total count
                 A         B        C        D         E       F
            +---------+---------+-------+---------+---------+-------
      Total |   14938 |    6560 |  30.5 |     186 |      40 |  17.7
            +---------+---------+-------+---------+---------+-------
        D:1 |      13 |       0 |   0.0 |       9 |       0 |   0.0
        D:2 |      13 |      96 |  88.1 |       8 |      12 |  60.0
        D:3 |      86 |      58 |  40.3 |      24 |       5 |  17.2
        D:4 |      48 |       0 |   0.0 |       4 |       0 |   0.0
        D:5 |     344 |       0 |   0.0 |       9 |       0 |   0.0
        D:6 |    1247 |     213 |  14.6 |      23 |       2 |   8.0
        D:7 |     649 |    2310 |  78.1 |      13 |       4 |  23.5
        D:8 |    1003 |    3883 |  79.5 |      12 |      17 |  58.6
        D:9 |     800 |       0 |   0.0 |      12 |       0 |   0.0
       D:10 |    3896 |       0 |   0.0 |      24 |       0 |   0.0
       D:11 |    2388 |       0 |   0.0 |      25 |       0 |   0.0
       D:12 |    4451 |       0 |   0.0 |      23 |       0 |   0.0
            +---------+---------+-------+---------+---------+-------
